 Dungeon Crawl Stone Soup version 0.26.1-2-gb8aa6d0 (webtiles) character file.

Game seed: 7115262706785559686

49 Nithhogg the Skirmisher (level 3, -1/30 HPs)
             Began as a Barachi Fighter on Mar 31, 2021.
             Slain by Sigmund
             ... wielding a +0 scythe
              (11 damage)
             ... on level 2 of the Dungeon.
             The game lasted 00:03:09 (1570 turns).

Nithhogg the Skirmisher (Barachi Fighter)           Turns: 1570, Time: 00:03:10

Health: -1/30      AC:  7    Str: 18    XL:     3   Next: 77%
Magic:  3/3        EV: 10    Int:  8    God:
Gold:   48         SH:  0    Dex: 11    Spells: 2/2 levels left

rFire    . . .     SeeInvis .   a - +0 war axe
rCold    . . .     Faith    .   (no shield)
rNeg     . . .     Spirit   .   b - +0 scale mail
rPois    .         Reflect  .   (no helmet)
rElec    .         Harm     .   (no cloak)
rCorr    .         Rampage  .   (no gloves)
Will     .....                  (no boots)
Stlth    ..........             (no amulet)
HPRegen  0.10/turn              (no ring)
MPRegen  0.08/turn              (no ring)

@: mighty, can't hop, slow
A: +LOS, swims, slowness 1, strong legs 1
a: Hop


You were on level 2 of the Dungeon.
You visited 1 branch of the dungeon, and saw 2 of its levels.

You collected 48 gold pieces.

Inventory:

Hand Weapons
 a - a +0 war axe (weapon)
Armour
 b - a +0 scale mail (worn)
 c - a +0 kite shield
Scrolls
 e - 2 scrolls of identify {unknown}
 g - a scroll of immolation {unknown}
 i - a scroll of blinking {unknown}
 k - a scroll of remove curse {unknown}
Potions
 h - a potion of invisibility {unknown}
 j - a potion of heal wounds {unknown}


   Skills:
 + Level 4.1 Fighting
 * Level 3.2 Axes
 + Level 4.1 Armour
 + Level 1.3 Dodging
 - Level 3.2 Shields


You had 2 spell levels left.
You didn't know any spells.
Your spell library was empty.

Dungeon Overview and Level Annotations

Branches:
Dungeon (2/15)

Altars:

Annotations:
D:2 Sigmund, Terence


Innate Abilities, Weirdness & Mutations

You can be seen from farther away. (+LOS)
You can swim through water.
You cover ground slowly.
You can hop short distances.


Message History

Sigmund is heavily wounded.
You slash the giant cockroach!
You kill the giant cockroach!
Sigmund points at you and mumbles some strange words.
The magic dart hits you but does no damage.
You closely miss Sigmund.
Sigmund is heavily wounded.
You closely miss Terence. Terence hits you but does no damage.
Sigmund barely misses you.
Terence says, "Don't bother to defend, it's pointless."
Terence hits you but does no damage.
Sigmund hits you from afar with a +0 scythe.
You closely miss Terence. Terence hits you but does no damage.
You slash Terence!
Terence is almost dead.
Sigmund barely misses you. Terence hits you but does no damage.
You hit Terence.
Terence is almost dead.
Sigmund hits you from afar with a +0 scythe!
You die...

#.##.#.....# ##..
#.##.#.....#######.
#.##............##.
#..###.....####.##.
#.#.##.....# #.##.
##.#####.### #<##. #.# #.#
#..)< #.# #.. #÷.## #@# ####
#...# ####@# ##..# . #...@#
#......... ..####
#.##.#######.[.......
......##..............###..#
#....B......#.####.# #..#
#.#....††.#.# .... #..#
#.#...#.#.# ## #..# #
#.#.#.#.# ...#


You could see Sigmund and Terence.

Vanquished Creatures
  3 dart slugs
  3 leopard geckos
  4 giant cockroaches
  4 hobgoblins
  4 jackals (D:1)
  A quokka (D:2)
  A ball python (D:1)
  5 bats (D:1)
  4 goblins
  6 kobolds (D:1)
  2 rats (D:1)
37 creatures vanquished.

Notes
Turn   | Place    | Note
-------+----------+-------------------------------------------
     0 | D:1      | Nithhogg the Barachi Fighter began the quest for the Orb.
     0 | D:1      | Reached XP level 1. HP: 18/18 MP: 1/1
   161 | D:1      | Reached XP level 2. HP: 25/25 MP: 2/2
   656 | D:1      | Reached skill level 1 in Dodging
   671 | D:1      | Reached XP level 3. HP: 14/30 MP: 3/3
  1552 | D:2      | Noticed Sigmund
  1554 | D:2      | Noticed Terence
  1570 | D:2      | Slain by Sigmund

Illustrated notes

Levels and vault maps discovered:
D:1:      scummos_arrival_star, layout_basic
D:2:      layout_loops_ring, chequers_ecumenical_altar_simple_redux,
          minmay_misc_feat_more_columns, uniq_terence, uniq_robin, uniq_sigmund

Skill      XL: |  1  2  3 |
---------------+----------+-----
Dodging        | 1 |  1.3
Axes           | 3 |  3.2
Fighting       | 4 |  4.1
Armour         | 4 |  4.1
Shields        | |  3.2

Action                   || total
-------------------------++-------
Melee: War axe           ||   129
 Abil: Hop               ||     1
  Use: Potion            ||     2
Armor: Scale mail        ||    85
Dodge: Dodged            ||    92
